cohdb
Replays
Latest Replays
All Replays
Popular Replays
Top Player Replays
Match Explorer
How It Works
Community
CoH3 Stats
Reddit
Sign in to upload your games and track your stats! →
Sign in with Steam
Match 33471319
Unlisted
Match 33471319
Overview
Messages
Build Orders
End
Construct Infanterie Kompanie
Kettenkrad Recon Vehicle
MG 42 Machine Gun Team
Selects Breakthrough Battlegroup
Grenadier Squad
Grenadier Squad
Construct Panzergrenadier Kompanie
Selects 2.5-tonne Cargo Truck
Selects Assault Grenadiers
2.5-tonne Cargo Truck
Selects Smoke Bombing Run
251 Medium Carrier
Medical Station
madgf10
Niu
Leni
zq954368
克劳塞尔
cm210234
BOOM YOU
gUi
0
0
Comments
sign in to comment!
No comments posted yet!